 Dungeon Crawl Stone Soup version 0.26.1-15-g04117e645d (webtiles) character file.

Game seed: 6667325407157683042

50 Froggeryz the Cutter (level 3, -5/39 HPs)
             Began as an Octopode Berserker on Apr 28, 2022.
             Was a Believer of Trog.
             Slain by Natasha (6 damage)
             ... on level 2 of the Dungeon.
             The game lasted 00:00:37 (1291 turns).

Froggeryz the Cutter (Octopode Berserker)           Turns: 1291, Time: 00:00:38

Health: -5/39      AC:  1    Str: 16    XL:     3   Next: 79%
Magic:  3/3        EV: 14    Int:  9    God:    Trog [**....]
Gold:   114        SH:  0    Dex: 12    Spells: 2/2 levels left

rFire    . . .     SeeInvis .   a - +0 short sword
rCold    . . .     Faith    .   (no shield)
rNeg     . . .     Spirit   .   (helmet restricted)
rPois    .         Reflect  .   (no amulet)
rElec    .         Harm     .   (no ring)
rCorr    .         Rampage  .   (no ring)
Will     .....                  (no ring)
Stlth    ..........             (no ring)
HPRegen  0.13/turn              (no ring)
MPRegen  0.08/turn              (no ring)
                                (no ring)
                                (no ring)

@: berserking, lethally poisoned (-5 -> -7), very quick
A: almost no armour, stealthy swim, amphibious, 8 rings, constrict 8, camouflage
1, gelatinous body 1
a: Renounce Religion, Berserk, Trog's Hand


You were on level 2 of the Dungeon.
You worshipped Trog.
Trog was pleased with you.
You visited 1 branch of the dungeon, and saw 2 of its levels.

You collected 114 gold pieces.

Inventory:

Hand Weapons
 a - a +0 short sword (weapon)
Scrolls
 b - a scroll of blinking {unknown}
 c - 2 scrolls of identify {unknown}
 e - a scroll of teleportation {unknown}
 f - a scroll of remove curse {unknown}
Potions
 d - a potion of magic {unknown}
 g - a potion of flight {unknown}


   Skills:
 - Level 3.0 Fighting
 * Level 4.1 Short Blades
 - Level 3.0 Dodging
 + Level 2.5 Stealth


You had 2 spell levels left.
You didn't know any spells.
Your spell library was empty.

Dungeon Overview and Level Annotations

Branches:
Dungeon (2/15)

Altars:

Annotations:
D:2 Natasha


Innate Abilities, Weirdness & Mutations

You cannot wear most types of armour.
You are very stealthy in the water. (Stealth+)
You are amphibious.
You can wear up to eight rings at the same time.
You can use your tentacles to constrict eight enemies at once.
Your skin changes colour to match your surroundings (Stealth+).
Your rubbery body absorbs attacks. (AC +1, EV +1)


Message History

The adder bites you but does no damage. The shadow imp hits you.
Natasha claws you.
* * * LOW HITPOINT WARNING * * *
A red film seems to cover your vision as you go berserk!
You feel yourself moving faster!
You feel mighty! The adder closely misses you. The shadow imp misses you.
Natasha claws you.
* * * LOW HITPOINT WARNING * * *
The adder bites you.
* * * LOW HITPOINT WARNING * * *
You are lethally poisoned!
The adder poisons you!
You barely miss the adder. Your grab misses the adder.
Your squeeze misses the adder.
* * * LOW HITPOINT WARNING * * *
You feel sick. The shadow imp closely misses you.
You puncture the adder! You grab the adder. You squeeze the adder.
You kill the adder!
Trog accepts your kill. Natasha claws you.
You die...

######## # #....... #.###.######
#.....######
################.......#
#######.##............###...###.#
..>......+.....5......'.....# .#
.#.##.#.##.....†@.....#.#...# #.#
.#.##.#.##.....h......#......##.#
.+....#.##............#.####.##.#
.#.####.##............#.# #.##.#
.#......................# #..#.#
.#.####.################# #.#.#
.+....#.#<.....# #...#
.#.##.#......#.###############..#
.#.##.#......#..................#


You could see Natasha and a shadow imp (summoned).

Vanquished Creatures
  2 adders (D:2)
  A dart slug (D:1)
  2 leopard geckos (D:1)
  A giant cockroach (D:1)
  4 goblins
  5 hobgoblins
  7 jackals (D:1)
  2 kobolds
  6 bats (D:1)
  2 frilled lizards (D:1)
  2 rats (D:1)
34 creatures vanquished.

Notes
Turn   | Place    | Note
-------+----------+-------------------------------------------
     0 | D:1      | Froggeryz the Octopode Berserker began the quest for the
                  | Orb.
     0 | D:1      | Reached XP level 1. HP: 16/16 MP: 1/1
   170 | D:1      | Reached skill level 1 in Stealth
   179 | D:1      | Reached XP level 2. HP: 21/21 MP: 2/2
   379 | D:1      | Reached XP level 3. HP: 26/26 MP: 3/3
   434 | D:1      | Reached ** piety under Trog
   811 | D:1      | Reached skill level 4 in Short Blades
  1280 | D:2      | Noticed Natasha
  1290 | D:2      | HP: 1/39 [poisoned by an adder]
  1291 | D:2      | Slain by Natasha

Illustrated notes

Levels and vault maps discovered:
D:1:      lightli_iron_boxes, layout_loops_ring, chequers_serial_rivers_large_a
D:2:      layout_basic, gammafunk_temple_overflow_claw, uniq_natasha

Skill      XL: |  1  2  3 |
---------------+----------+-----
Stealth        | 1 2 |  2.5
Short Blades   | 4 |  4.1
Fighting       | |  3.0
Dodging        | |  3.0

Action                   || total
-------------------------++-------
Melee: Short sword       ||    64
       Constrict         ||    14
       Tentacles         ||    11
Invok: Berserk           ||     1
 Stab: Sleeping          ||    11
Armor: Skin              ||    10
Dodge: Dodged            ||    50
